 Dungeon Crawl Stone Soup version 0.18.1-48-g4cf74bf (console) character file.

5886 Kloppie the Fighter (level 10, 0/151 HPs)
             Began as a Minotaur Berserker on June 25, 2016.
             Was an Elder of Trog.
             Killed from afar by Joseph (23 damage)
             ... with a wand of acid
             ... on level 9 of the Dungeon.
             The game lasted 00:13:49 (7906 turns).

Kloppie the Fighter (Minotaur Berserker)            Turns: 7906, Time: 00:13:49

Health: 0/151      AC:  3    Str: 28    XL:     10   Next: 52%
Magic:  9/9        EV: 11    Int:  4    God:    Trog [****..]
Gold:   324        SH:  0    Dex: 12    Spells: 0 memorised, 9 levels left

rFire  + . .     SeeInvis .     a - +1 trident (curse)
rCold  . . .     Gourm    .     B - +1 ring mail {rPois}
rNeg   . . .     Faith    +     (no shield)
rPois  +         Spirit   .     (helmet restricted)
rElec  .         Dismiss  .     (no cloak)
rCorr  .         Reflect  .     L - +0 pair of gloves
SustAt .         Harm     .     (no boots)
MR     ++...                    D - amulet of faith
Stlth  ..........               r - ring of flight
                                z - ring of protection from fire

@: berserking, corroded, regenerating, very quick, very resistant to hostile
enchantments, extremely unstealthy
A: retaliatory headbutt, horns 2
a: Berserk, Trog's Hand, Brothers in Arms, Burn Spellbooks, Renounce Religion,
Evoke Flight


You were on level 9 of the Dungeon.
You worshipped Trog.
Trog was greatly pleased with you.
You were not hungry.

You visited 1 branch of the dungeon, and saw 9 of its levels.

You collected 493 gold pieces.
You spent 169 gold pieces at shops.

Inventory:

Hand Weapons
 a - a cursed +1 trident (weapon)
 v - a +1 halberd
 y - a +0 glaive
 F - a +0 trident
Armour
 B - a +1 ring mail of poison resistance (worn)
 L - a +0 pair of gloves (worn)
Jewellery
 r - a ring of flight (right hand)
 s - an uncursed amulet of the gourmand
 z - a ring of protection from fire (left hand)
 D - an amulet of faith (around neck)
 I - an uncursed amulet of regeneration
Wands
 n - a wand of slowing (21/48)
 t - a wand of paralysis (13/24)
 G - a wand of slowing (41/48)
Scrolls
 h - a scroll of enchant weapon
 j - 2 scrolls of recharging
 u - a scroll of enchant armour
 A - 3 scrolls of remove curse
 J - 4 scrolls of teleportation
 K - a scroll of fear
Potions
 b - 2 potions of ambrosia
 e - a potion of heal wounds
 f - a potion of brilliance
 i - 5 potions of curing
 l - a potion of resistance {unknown}
 o - a potion of lignification
 p - a potion of flight
 q - a potion of haste
 w - a potion of mutation
 x - 2 potions of berserk rage
 E - a potion of beneficial mutation
Comestibles
 c - 4 bread rations
 d - 4 chunks of flesh
 g - 5 beef jerkies
 k - 2 meat rations
 C - 9 slices of pizza


   Skills:
 + Level 13.5 Fighting
 + Level 13.2 Polearms
 - Level 2.4 Armour
 - Level 2.1 Dodging


You had 9 spell levels left.
You didn't know any spells.

Dungeon Overview and Level Annotations

Branches:
Dungeon (9/15)             Temple (0/1) D:7
   Lair: D:8-11         Orc: D:9-12

Altars:
Dithmenos
Nemelex Xobeh
Zin

Shops:
D:7 }   D:8 :[

Annotations:
D:4 schammes's ghost, amateur DsGl
D:9 Joseph


Innate Abilities, Weirdness & Mutations

You reflexively headbutt those who attack you in melee.
You have a pair of horns on your head.


Message History

A red film seems to cover your vision as you go berserk!
You feel yourself moving faster!
You feel mighty!
You feel somewhat more hungry.
Joseph zaps a wand.
The bolt of acid hits you!
* * * LOW HITPOINT WARNING * * *
The acid corrodes you!
The acid burns!
* * * LOW HITPOINT WARNING * * *
You hit Joseph.
Joseph is lightly wounded.
You closely miss Joseph.
Joseph is lightly wounded.
Joseph hits you with an uncursed quarterstaff!
* * * LOW HITPOINT WARNING * * *
You hit Joseph. Your headbutt misses Joseph.
Joseph is lightly wounded.
You puncture Joseph! Your headbutt misses Joseph.
Joseph is moderately wounded.
You hit Joseph but do no damage.
Joseph is moderately wounded.
Joseph zaps a wand.
The bolt of acid hits you!
You die...

##ยง....## .#
##...### ## #..<).#
#.###.# #.. #.#####
## ...# #.#...#
##..### #.!...#
..###..#########....#
......@@..(.........#
..##..###########...#
#. #...# # #..(#
#...# #####


You could see Joseph.

Vanquished Creatures
  Erolcha (D:8)
  Psyche (D:8)
  Prince Ribbit (D:8)
  Sigmund (D:2)
  A yak (D:7)
  A human (D:7)
  2 steam dragons
  A sky beast (D:6)
  2 orc warriors (D:6)
  3 ice beasts
  An eye of draining (D:9)
  A necrophage (D:6)
  4 ogres
  7 centaurs
  2 giant frogs (D:6)
  5 killer bees
  15 wights
  4 crimson imps
  A centaur zombie (D:5)
  7 hounds
  5 jellies
  4 orc priests
  2 orc wizards (D:6)
  4 iguanas
  Natasha (twice) (D:2)
  7 worker ants
  3 sheep (D:7)
  A hound zombie (D:6)
  A hound skeleton (D:8)
  A howler monkey skeleton (D:7)
  Robin (D:2)
  8 gnolls
  8 adders
  2 shadow imps
  An adder zombie (D:5)
  2 worms (D:2)
  6 giant geckos
  17 orcs
  A ball python (D:4)
  4 giant cockroaches
  8 hobgoblins
  4 jackals (D:8)
  9 kobolds
  5 quokkas
  5 bats
  4 giant newts
  16 goblins
  A quokka skeleton (D:6)
  A quokka zombie (D:5)
  6 rats
200 creatures vanquished.

Notes
Turn   | Place    | Note
--------------------------------------------------------------
     0 | D:1      | Kloppie the Minotaur Berserker began the quest for the Orb.
     0 | D:1      | Reached XP level 1. HP: 19/19 MP: 0/0
   412 | D:1      | Reached XP level 2. HP: 22/27 MP: 1/1
   952 | D:2      | Noticed Natasha
   960 | D:2      | Killed Natasha
   960 | D:2      | Reached XP level 3. HP: 23/34 MP: 2/2
   962 | D:2      | Reached ** piety under Trog
  1125 | D:2      | Noticed Natasha
  1139 | D:2      | Killed Natasha
  1139 | D:2      | Reached skill level 5 in Fighting
  1139 | D:2      | Reached XP level 4. HP: 31/42 MP: 3/3
  1280 | D:2      | Noticed Sigmund
  1303 | D:2      | Killed Sigmund
  1303 | D:2      | Reached skill level 5 in Polearms
  1303 | D:2      | Reached XP level 5. HP: 48/50 MP: 4/4
  1520 | D:2      | Noticed Robin
  1541 | D:2      | Killed Robin
  1678 | D:2      | Reached XP level 6. HP: 58/58 MP: 5/5
  2301 | D:3      | Reached *** piety under Trog
  2438 | D:3      | Found a sparkling altar of Nemelex Xobeh.
  3243 | D:4      | Noticed schammes's ghost (amateur DsGl)
  3250 | D:5      | Entered Level 5 of the Dungeon
  3287 | D:5      | Reached XP level 7. HP: 53/66 MP: 6/6
  3650 | D:5      | Reached **** piety under Trog
  3952 | D:5      | Reached XP level 8. HP: 76/78 MP: 7/7
  4454 | D:6      | Reached skill level 10 in Fighting
  4524 | D:6      | Reached skill level 10 in Polearms
  4885 | D:6      | Reached XP level 9. HP: 62/85 MP: 8/8
  5566 | D:7      | Got a faintly humming leather armour
  5602 | D:7      | Identified the +1 leather armour of Indecent Exposure {Int+5} (You found it on level 7 of the Dungeon)
  5783 | D:7      | Found Gofusch's Gadget Shop.
  5845 | D:7      | Found a staircase to the Ecumenical Temple.
  6235 | D:8      | Noticed Psyche
  6243 | D:8      | Killed Psyche
  6269 | D:8      | Noticed Erolcha
  6286 | D:8      | Killed Erolcha
  6286 | D:8      | Reached XP level 10. HP: 99/99 MP: 9/9
  6426 | D:8      | Noticed Prince Ribbit
  6909 | D:8      | Found Xegini's Book Shop.
  6990 | D:8      | Found a glowing silver altar of Zin.
  7116 | D:8      | Killed Prince Ribbit
  7387 | D:8      | Found Raduur's Armour Shoppe.
  7391 | D:8      | Bought a +1 ring mail of poison resistance for 169 gold pieces
  7588 | D:9      | Found a shadowy altar of Dithmenos.
  7895 | D:9      | Noticed Joseph
  7906 | D:9      | Killed from afar by Joseph

Skill      XL: |  1  2  3  4  5  6  7  8  9 10 |
---------------+-------------------------------+-----
Fighting       | 4 5 6 7 9 10 12 13 | 13.5
Polearms       | 4 5 6 7 8 10 12 13 | 13.2
Armour         | |  2.4
Dodging        | |  2.1

Action                   |  1- 3 |  4- 6 |  7- 9 | 10-12 || total
-------------------------+-------+-------+-------+-------++-------
Melee: Spear             |    69 |   200 |    18 |       ||   287
       Headbutt          |     4 |    33 |    53 |    33 ||   123
       Trident           |       |       |   271 |   177 ||   448
Invok: Berserk           |     1 |     1 |     1 |     1 ||     4
       Trog's Hand       |       |     1 |     6 |     4 ||    11
  Use: Scroll            |       |       |    19 |     5 ||    24
       Potion            |       |       |       |     1 ||     1
 Stab: Sleeping          |       |     2 |       |       ||     2
  Eat: Chunk             |     2 |     8 |    22 |       ||    32
       Royal jelly       |       |       |       |     1 ||     1
Armor: Ring mail         |     9 |     5 |    46 |    35 ||    95
       Animal skin       |       |    19 |     6 |       ||    25
Dodge: Dodged            |    32 |    69 |   119 |    80 ||   300
